| TOP OF THE 1ST |
|
Arizona Diamondbacks batting - Pitching for Los Angeles Dodgers : LHP Alastair Tippett
|
|
Pitching: LHP Alastair Tippett
|
|
|
Batting: SHB Alec Thorpe
|
0-0: Ball 1-0: Foul Ball, location: 2F 1-1: Foul Ball, location: 2F 1-2: Ground out U3 (Groundball, 34S, EV 81.2 MPH)
|
|
Batting: RHB David Price Jr.
|
0-0: Ball 1-0: Called Strike 1-1: Ball 2-1: Ball 3-1: Swinging Strike 3-2: Base on Balls
|
|
Batting: SHB Perry Tuckfard
|
0-0: Ball 1-0: Swinging Strike 1-1: Ball 2-1: Foul Ball, location: 2F 2-2: Strikes out swinging
|
|
Batting: RHB Mario Soto
|
0-0: Ball 1-0: Ball 2-0: Fly out, F9 (Flyball, 9S, EV 90.0 MPH)
|
| Top of the 1st over - 0 runs, 0 hits, 0 errors, 1 left on base; Arizona 0 - Los Angeles 0 |
| BOTTOM OF THE 1ST |
|
Los Angeles Dodgers batting - Pitching for Arizona Diamondbacks : RHP Marcus Wolfe
|
|
Pitching: RHP Marcus Wolfe
|
|
|
Batting: RHB Jorge Severiano
|
0-0: Ball 1-0: Called Strike 1-1: Foul Ball, location: 2F 1-2: Strikes out swinging
|
|
Batting: LHB Chris Ringwood
|
0-0: Foul Ball, location: 2F 0-1: Foul Ball, location: 2F 0-2: DOUBLE (Flyball, 78D, EV 102.5 MPH)
|
|
Batting: LHB Bob Branham
|
0-0: Foul Ball, location: 2F 0-1: Called Strike 0-2: Ball 1-2: 2-RUN HOME RUN (Flyball, 9D, EV 97.5 MPH), Distance : 376 ft
|
|
Batting: RHB Clay Buchanan
|
0-0: Called Strike 0-1: Foul Ball, location: 2F 0-2: Foul Ball, location: 2F 0-2: Ball 1-2: Ball 2-2: Foul Ball, location: 2F 2-2: Foul Ball, location: 2F 2-2: Fly out, F9 (Flyball, 9LD, EV 95.0 MPH)
|
|
Batting: LHB Ryan Taylor
|
0-0: Ball 1-0: Ball 2-0: Fly out, F8 (Flyball, 8LS, EV 93.1 MPH)
|
| Bottom of the 1st over - 2 runs, 2 hits, 0 errors, 0 left on base; Arizona 0 - Los Angeles 2 |
| TOP OF THE 2ND |
|
Arizona Diamondbacks batting - Pitching for Los Angeles Dodgers : LHP Alastair Tippett
|
|
Batting: RHB Blake Ballard
|
0-0: Called Strike 0-1: Ball 1-1: Ball 2-1: Ground out 5-3 (Groundball, 56, EV 106.9 MPH)
|
|
Batting: RHB Shiro Suehiro
|
0-0: Ball 1-0: Ball 2-0: Ball 3-0: Called Strike 3-1: Swinging Strike 3-2: Base on Balls
|
|
Batting: RHB Billy Crookston
|
0-0: Ball 1-0: Called Strike 1-1: Foul Ball, location: 2F 1-2: Ball 2-2: Foul Ball, location: 2F 2-2: Grounds into double play, 6-4-3 (Groundball, 6, EV 82.5 MPH)
|
| Top of the 2nd over - 0 runs, 0 hits, 0 errors, 0 left on base; Arizona 0 - Los Angeles 2 |
| BOTTOM OF THE 2ND |
|
Los Angeles Dodgers batting - Pitching for Arizona Diamondbacks : RHP Marcus Wolfe
|
|
Batting: SHB Carlos Rodriguez
|
0-0: Called Strike 0-1: Ball 1-1: Foul Ball, location: 2F 1-2: Strikes out swinging
|
|
Batting: RHB Ben Mischnick
|
0-0: Swinging Strike 0-1: SINGLE (Flyball, 56D, EV 90.0 MPH)
|
|
Batting: LHB Dalton Silveira
|
0-0: Ball 1-0: Fielders Choice at 2nd, 3-6 (Groundball, 3, EV 83.1 MPH)
|
|
Batting: RHB Edwin Soto
|
0-0: Ground out 4-3 (Groundball, 4, EV 83.8 MPH)
|
| Bottom of the 2nd over - 0 runs, 1 hit, 0 errors, 1 left on base; Arizona 0 - Los Angeles 2 |
| TOP OF THE 3RD |
|
Arizona Diamondbacks batting - Pitching for Los Angeles Dodgers : LHP Alastair Tippett
|
|
Batting: RHB Fabrice Bertin
|
0-0: Ball 1-0: Ball 2-0: Swinging Strike 2-1: Ground out 6-3 (Groundball, 6M, EV 83.8 MPH)
|
|
Batting: SHB Valentin Laporte
|
0-0: Called Strike 0-1: Fly out, F7 (Line Drive, 7D, EV 90.6 MPH)
|
|
Batting: SHB Alec Thorpe
|
0-0: Ball 1-0: Called Strike 1-1: Ball 2-1: Swinging Strike 2-2: Ball 3-2: Base on Balls
|
|
Batting: RHB David Price Jr.
|
0-0: Swinging Strike 0-1: Swinging Strike 0-2: Fly out, F9 (Flyball, 89D, EV 78.8 MPH)
|
| Top of the 3rd over - 0 runs, 0 hits, 0 errors, 1 left on base; Arizona 0 - Los Angeles 2 |
| BOTTOM OF THE 3RD |
|
Los Angeles Dodgers batting - Pitching for Arizona Diamondbacks : RHP Marcus Wolfe
|
|
Batting: RHB Jorge Severiano
|
0-0: Called Strike 0-1: SINGLE (Line Drive, 9S, EV 95.0 MPH)
|
|
Batting: LHB Chris Ringwood
|
0-0: Called Strike 0-1: Ball 1-1: Foul Ball, location: 2F 1-2: Ball 2-2: Fly out, F9 (Line Drive, 9, EV 106.2 MPH)
|
|
Batting: LHB Bob Branham
|
0-0: Ball 1-0: Grounds into double play, 3-6-1 (Groundball, 3D, EV 98.8 MPH)
|
| Bottom of the 3rd over - 0 runs, 1 hit, 0 errors, 0 left on base; Arizona 0 - Los Angeles 2 |
| TOP OF THE 4TH |
|
Arizona Diamondbacks batting - Pitching for Los Angeles Dodgers : LHP Alastair Tippett
|
|
Batting: SHB Perry Tuckfard
|
0-0: Ball 1-0: Ground out 6-3 (Groundball, 6MS, EV 69.4 MPH)
|
|
Batting: RHB Mario Soto
|
0-0: Ball 1-0: Fly out, F4 (Flyball, 34D, EV 91.9 MPH)
|
|
Batting: RHB Blake Ballard
|
0-0: Ball 1-0: Swinging Strike 1-1: Foul Ball, location: 2F 1-2: Ball 2-2: Foul Ball, location: 2F 2-2: SINGLE (Groundball, 34D, EV 101.9 MPH)
|
|
Batting: RHB Shiro Suehiro
|
0-0: Fly out, F8 (Line Drive, 8LM, EV 108.8 MPH)
|
| Top of the 4th over - 0 runs, 1 hit, 0 errors, 1 left on base; Arizona 0 - Los Angeles 2 |
| BOTTOM OF THE 4TH |
|
Los Angeles Dodgers batting - Pitching for Arizona Diamondbacks : RHP Marcus Wolfe
|
|
Batting: RHB Clay Buchanan
|
0-0: Called Strike 0-1: Foul Ball, location: 2F 0-2: DOUBLE (Flyball, 78D, EV 96.9 MPH)
|
|
Batting: LHB Ryan Taylor
|
0-0: Foul Ball, location: 2F 0-1: Foul Ball, location: 2F 0-2: Ball 1-2: Ball 2-2: Foul Ball, location: 2F 2-2: Ground out 6-3 (Groundball, 6, EV 88.8 MPH) Clay Buchanan to third
|
|
Batting: SHB Carlos Rodriguez
|
0-0: Ball 1-0: Foul Ball, location: 2F 1-1: Ball 2-1: Fly out, F8 (Flyball, 78M, EV 79.4 MPH) Runner from 3rd tags up, OUT at HOME! 8-2
|
| Bottom of the 4th over - 0 runs, 1 hit, 0 errors, 0 left on base; Arizona 0 - Los Angeles 2 |
| TOP OF THE 5TH |
|
Arizona Diamondbacks batting - Pitching for Los Angeles Dodgers : LHP Alastair Tippett
|
|
Batting: RHB Billy Crookston
|
0-0: Ball 1-0: Called Strike 1-1: Ball 2-1: Ball 3-1: Base on Balls
|
|
Batting: RHB Fabrice Bertin
|
0-0: Grounds into double play, 6-4-3 (Groundball, 6, EV 96.2 MPH)
|
|
Batting: SHB Valentin Laporte
|
0-0: Called Strike 0-1: Ball 1-1: Foul Ball, location: 2F 1-2: Strikes out swinging
|
| Top of the 5th over - 0 runs, 0 hits, 0 errors, 0 left on base; Arizona 0 - Los Angeles 2 |
| BOTTOM OF THE 5TH |
|
Los Angeles Dodgers batting - Pitching for Arizona Diamondbacks : RHP Marcus Wolfe
|
|
Batting: RHB Ben Mischnick
|
0-0: Called Strike 0-1: Ground out 3-1 (Groundball, 34S, EV 80.0 MPH)
|
|
Batting: LHB Dalton Silveira
|
0-0: Fly out, F8 (Line Drive, 8LD, EV 97.5 MPH)
|
|
Batting: RHB Edwin Soto
|
0-0: Called Strike 0-1: Foul Ball, location: 2F 0-2: Ball 1-2: Ball 2-2: SINGLE (Groundball, 4MD, EV 106.2 MPH)
|
|
Batting: RHB Jorge Severiano
|
0-0: Ball 1-0: Ball 2-0: Ball 3-0: Base on Balls Edwin Soto to second
|
|
Batting: LHB Chris Ringwood
|
0-0: Called Strike 0-1: Called Strike 0-2: Strikes out looking
|
| Bottom of the 5th over - 0 runs, 1 hit, 0 errors, 2 left on base; Arizona 0 - Los Angeles 2 |
| TOP OF THE 6TH |
|
Arizona Diamondbacks batting - Pitching for Los Angeles Dodgers : LHP Alastair Tippett
|
|
Batting: SHB Alec Thorpe
|
0-0: Called Strike 0-1: Ball 1-1: Ground out 1-3 (Groundball, 15S, EV 68.8 MPH)
|
|
Batting: RHB David Price Jr.
|
0-0: Fly out, F7 (Flyball, 7S, EV 96.2 MPH)
|
|
Batting: SHB Perry Tuckfard
|
0-0: Ball 1-0: SINGLE (Groundball, 4D, EV 103.1 MPH)
|
|
Batting: RHB Mario Soto
|
0-0: Ball 1-0: Ball Perry Tuckfard steals 2nd base (no throw) 2-0: Called Strike 2-1: Ground out 5-3 (Groundball, 56, EV 103.8 MPH)
|
| Top of the 6th over - 0 runs, 1 hit, 0 errors, 1 left on base; Arizona 0 - Los Angeles 2 |
| BOTTOM OF THE 6TH |
|
Los Angeles Dodgers batting - Pitching for Arizona Diamondbacks : RHP Marcus Wolfe
|
|
Batting: LHB Bob Branham
|
0-0: Fly out, F7 (Flyball, 7LM, EV 110.0 MPH)
|
|
Batting: RHB Clay Buchanan
|
0-0: Ground out 5-3 (Groundball, 5, EV 92.5 MPH)
|
|
Batting: LHB Ryan Taylor
|
0-0: Ball 1-0: Swinging Strike 1-1: Foul Ball, location: 2F 1-2: Ball 2-2: Fly out, F9 (Flyball, 9D, EV 81.9 MPH)
|
| Bottom of the 6th over - 0 runs, 0 hits, 0 errors, 0 left on base; Arizona 0 - Los Angeles 2 |
| TOP OF THE 7TH |
|
Arizona Diamondbacks batting - Pitching for Los Angeles Dodgers : LHP Alastair Tippett
|
|
Batting: RHB Blake Ballard
|
0-0: Called Strike 0-1: Ball 1-1: Ball 2-1: Foul Ball, location: 2F 2-2: Ball 3-2: Foul Ball, location: 2F 3-2: SOLO HOME RUN (Flyball, 78XD, EV 97.5 MPH), Distance : 397 ft
|
|
Batting: RHB Shiro Suehiro
|
0-0: Ball 1-0: Ball 2-0: Ball 3-0: Base on Balls
|
|
Batting: RHB Billy Crookston
|
0-0: Ball Shiro Suehiro steals 2nd base 1-0: Ball 2-0: Ground out 6-3 (Groundball, 6M, EV 91.2 MPH) Shiro Suehiro to third
|
|
Batting: RHB Fabrice Bertin
|
0-0: Ball 1-0: Foul Ball, location: 2F 1-1: Ball 2-1: Called Strike 2-2: Foul Ball, location: 2F 2-2: Ground out 6-3 (Groundball, 6S, EV 68.8 MPH)
|
|
Pitching: LHP Sam Zegarelli
|
|
|
Batting: SHB Valentin Laporte
|
0-0: Called Strike 0-1: Foul Ball, location: 2F 0-2: Strikes out swinging
|
| Top of the 7th over - 1 run, 1 hit, 0 errors, 1 left on base; Arizona 1 - Los Angeles 2 |
| BOTTOM OF THE 7TH |
|
Los Angeles Dodgers batting - Pitching for Arizona Diamondbacks : RHP Marcus Wolfe
|
|
Batting: SHB Carlos Rodriguez
|
0-0: Called Strike 0-1: Ball 1-1: Ball 2-1: Ball 3-1: Foul Ball, location: 2F 3-2: TRIPLE (Flyball, 89XD, EV 93.8 MPH)
|
|
Batting: RHB Ben Mischnick
|
0-0: Foul Ball, location: 2F 0-1: Called Strike 0-2: Foul Ball, location: 2F 0-2: Strikes out looking
|
|
Batting: LHB Dalton Silveira
|
0-0: DOUBLE (Flyball, 8RXD, EV 103.1 MPH) Carlos Rodriguez scores
|
|
Batting: RHB Edwin Soto
|
0-0: Ball 1-0: Ground out 6-3 (Groundball, 6, EV 86.2 MPH) Dalton Silveira to third
|
|
Batting: RHB Jorge Severiano
|
0-0: Called Strike 0-1: SINGLE (Groundball, 56D, EV 96.9 MPH) Dalton Silveira scores
|
|
Batting: LHB Chris Ringwood
|
0-0: Called Strike 0-1: Ground out 1-3 (Groundball, 15S, EV 66.2 MPH)
|
| Bottom of the 7th over - 2 runs, 3 hits, 0 errors, 1 left on base; Arizona 1 - Los Angeles 4 |
| TOP OF THE 8TH |
|
Arizona Diamondbacks batting - Pitching for Los Angeles Dodgers : LHP Sam Zegarelli
|
|
Batting: SHB Alec Thorpe
|
0-0: Ball 1-0: Ball 2-0: Foul Ball, location: 2F 2-1: Foul Ball, location: 2F 2-2: Foul Ball, location: 2F 2-2: Foul Ball, location: 2F 2-2: Foul Ball, location: 2F 2-2: DOUBLE (Flyball, 89XD, EV 109.4 MPH)
|
|
Batting: RHB David Price Jr.
|
0-0: SINGLE (Groundball, 6MD, EV 105.0 MPH) Alec Thorpe to third Runner from 3rd tries for Home, SAFE, throw by CF to home
|
|
Batting: SHB Perry Tuckfard
|
0-0: Swinging Strike 0-1: Fly out, F8 (Line Drive, 8LM, EV 93.8 MPH)
|
|
Batting: RHB Mario Soto
|
0-0: Ball Wild Pitch! David Price Jr. to second 1-0: Called Strike 1-1: Ball 2-1: Foul Ball, location: 2F 2-2: Foul Ball, location: 2F 2-2: Strikes out swinging
|
|
Batting: RHB Blake Ballard
|
0-0: Ball 1-0: SINGLE (Groundball, 56D, EV 96.2 MPH) David Price Jr. to third Runner from 3rd tries for Home, throw by LF and OUT! 7-2
|
| Top of the 8th over - 1 run, 3 hits, 0 errors, 1 left on base; Arizona 2 - Los Angeles 4 |
| BOTTOM OF THE 8TH |
|
Los Angeles Dodgers batting - Pitching for Arizona Diamondbacks : RHP Marcus Wolfe
|
|
Batting: LHB Bob Branham
|
0-0: Ball 1-0: Swinging Strike 1-1: DOUBLE (Groundball, 5L, EV 105.0 MPH)
|
|
Batting: RHB Clay Buchanan
|
0-0: Called Strike 0-1: Foul Ball, location: 2F 0-2: Ball 1-2: Foul Ball, location: 2F 1-2: Foul Ball, location: 2F 1-2: Ground out U3 (Groundball, 34, EV 107.5 MPH) Bob Branham to third
|
|
Batting: LHB Ryan Taylor
|
0-0: Called Strike 0-1: Foul Ball, location: 2F 0-2: Ball 1-2: Ball 2-2: SINGLE (Flyball, 89S, EV 91.9 MPH) Bob Branham scores
|
|
Pitching: RHP Larry Mathieu
|
|
|
Batting: SHB Carlos Rodriguez
|
0-0: Called Strike Ryan Taylor steals 2nd base 0-1: Ground out U3 (Groundball, 3L, EV 104.4 MPH) Ryan Taylor to third
|
|
Batting: RHB Ben Mischnick
|
0-0: Called Strike 0-1: Ball 1-1: Foul Ball, location: 2F 1-2: Ball 2-2: Fly out, F7 (Flyball, 7LS, EV 78.1 MPH)
|
| Bottom of the 8th over - 1 run, 2 hits, 0 errors, 1 left on base; Arizona 2 - Los Angeles 5 |
| TOP OF THE 9TH |
|
Arizona Diamondbacks batting - Pitching for Los Angeles Dodgers : LHP Sam Zegarelli
|
|
Pitching: RHP Chut-sai Teoh
|
|
|
Batting: RHB Shiro Suehiro
|
0-0: Foul Ball, location: 2F 0-1: Hit by Pitch
|
|
Pinch Hitting: LHB Eric Klasek
|
0-0: Ball 1-0: Ball 2-0: Fielders Choice at 2nd, 2-4 (Groundball, 15S, EV 66.9 MPH)
|
|
Pinch Hitting: LHB Danny Dunham
|
0-0: Ball 1-0: Foul Ball, location: 2F 1-1: Ball 2-1: DOUBLE (Line Drive, 78M, EV 96.9 MPH) Eric Klasek to third
|
|
Batting: SHB Valentin Laporte
|
0-0: Ball 1-0: Ground out 6-3 (Groundball, 6, EV 85.6 MPH) Eric Klasek scores
|
|
Batting: SHB Alec Thorpe
|
0-0: Called Strike 0-1: Ball 1-1: Ball 2-1: Called Strike 2-2: Ball 3-2: Strikes out swinging
|
| Top of the 9th over - 1 run, 1 hit, 0 errors, 1 left on base; Arizona 3 - Los Angeles 5 |
|